 Dungeon Crawl Stone Soup version 0.20.1-1-g8b1a95d (webtiles) character file.

62 Kriby the Chopper (level 4, 0/40 HPs)
             Began as a Hill Orc Fighter on Aug 6, 2017.
             Slain by a gnoll
             ... wielding a +0 spear
              (2 damage)
             ... on level 2 of the Dungeon.
             The game lasted 00:01:37 (1391 turns).

Kriby the Chopper (Hill Orc Fighter)                Turns: 1391, Time: 00:01:37

Health: 0/40       AC:  6    Str: 17    XL:     4   Next: 8%
Magic:  4/4        EV:  7    Int:  6    God:
Gold:   85         SH:  8    Dex: 10    Spells: 3/3 levels left

rFire    . . .     SeeInvis .   a - +0 war axe
rCold    . . .     Gourm    .   c - +0 shield
rNeg     . . .     Faith    .   b - +0 scale mail
rPois    .         Spirit   .   (no helmet)
rElec    .         Reflect  .   (no cloak)
rCorr    .         Harm     .   (no gloves)
MR       .....     Rnd*Rage +   (no boots)
Stlth    ..........             (no amulet)
Regen    0.2/turn               (no ring)
MPRegen  0.1/turn               (no ring)

@: no status effects
A: berserk 1, blink, dopey 1, weak 1
a: Blink


You were on level 2 of the Dungeon.
You were not hungry.

You visited 1 branch of the dungeon, and saw 2 of its levels.

You collected 85 gold pieces.

Inventory:

Hand Weapons
 a - a +0 war axe (weapon)
Armour
 b - a +0 scale mail (worn)
 c - a +0 shield (worn)
Scrolls
 e - 7 scrolls of identify {unknown}
 g - a scroll of recharging {unknown}
 i - a scroll of fog {unknown}
 l - a scroll of immolation {unknown}
 n - 2 scrolls of remove curse {unknown}
 p - a scroll of enchant armour {unknown}
Potions
 d - a potion of might
 j - 2 potions of mutation
 m - 3 potions of curing {unknown}
 o - a potion of invisibility {unknown}
Comestibles
 f - 2 bread rations
 h - 6 chunks of flesh
 k - a meat ration


   Skills:
 + Level 4.3 Fighting
 * Level 5.0 Axes
 - Level 3.2 Armour
 - Level 3.2 Shields


You had 3 spell levels left.
You didn't know any spells.

Dungeon Overview and Level Annotations

Branches:
Dungeon (2/15)

Altars:
Yredelemnul
The Shining One


Innate Abilities, Weirdness & Mutations

You tend to lose your temper in combat.
You can translocate small distances at will.
You are dopey. (Int -2)
You are weak. (Str -2)


Message History

You hit the gnoll but do no damage.
The gnoll is almost dead.
You hit the gnoll. You hit the bat.
You kill the bat!
The gnoll hits you but does no damage. You block the gnoll's attack.
The gnoll hits you from afar with a spear.
* * * LOW HITPOINT WARNING * * *
You block the gnoll's attack.
You barely miss the gnoll.
The gnoll is almost dead.
You slash the gnoll! You block the gnoll's attack. x2
The gnoll hits you with a spear.
* * * LOW HITPOINT WARNING * * *
The gnoll barely misses you. The gnoll closely misses you.
You aren't carrying any items that you can evoke.
It was a potion of mutation.
You feel extremely strange.
You feel weaker.
You feel a little pissed off.
You feel stupid.
You feel jittery.
The gnoll hits you from afar with a spear.
You die...

#.. #. ######## #.
#######....... ..
#..[.......... #.
#............. #.####.
#............. .....
#............#
#.###.†########..####.####..
..>....ggg.@.....#.......#..
.......#######...#....(..#..
###.... #...#.......#..
....... #...^..._...#..
#.....# #...#.......#..
..###. #.#.#.......#.. . ..
#.#.#.......#.. ##
#.#.#########


You could see 3 gnolls.

Vanquished Creatures
  A gnoll (D:2)
  An adder (D:2)
  A worm (D:2)
  2 dart slugs
  3 leopard geckos
  2 giant cockroaches
  2 goblins
  3 hobgoblins
  5 jackals (D:1)
  5 bats
  3 frilled lizards
  4 kobolds
  3 rats
35 creatures vanquished.

Notes
Turn   | Place    | Note
-------+----------+-------------------------------------------
     0 | D:1      | Kriby the Hill Orc Fighter began the quest for the Orb.
     0 | D:1      | Reached XP level 1. HP: 19/19 MP: 1/1
   127 | D:1      | Reached skill level 3 in Axes
   283 | D:1      | Reached XP level 2. HP: 26/27 MP: 2/2
   620 | D:1      | Reached skill level 4 in Axes
   709 | D:1      | Reached XP level 3. HP: 33/33 MP: 3/3
  1209 | D:2      | Found a glowing golden altar of the Shining One.
  1333 | D:2      | Found a basalt altar of Yredelemnul.
  1382 | D:2      | Reached skill level 5 in Axes
  1382 | D:2      | Reached XP level 4. HP: 33/40 MP: 4/4
  1386 | D:2      | HP: 1/40 [gnoll/spear (6)]
  1391 | D:2      | Gained mutation: You are weak. (Str -2) [potion of mutation]
  1391 | D:2      | Gained mutation: You tend to lose your temper in combat. [potion of mutation]
  1391 | D:2      | Gained mutation: You are dopey. (Int -2) [potion of mutation]
  1391 | D:2      | Gained mutation: You can translocate small distances at will. [potion of mutation]
  1391 | D:2      | Slain by a gnoll

Skill      XL: |  1  2  3 |
---------------+----------+-----
Axes           | 3 4 5 |  5.0
Fighting       | 4 |  4.3
Armour         | |  3.2
Shields        | |  3.2

Action                   |  1- 3 |  4- 6 || total
-------------------------+-------+-------++-------
Melee: War axe           |   110 |     3 ||   113
  Use: Potion            |       |     1 ||     1
  Eat: Chunk             |     2 |       ||     2
Armor: Scale mail        |    45 |     3 ||    48
Dodge: Dodged            |    34 |     2 ||    36
Block: Shield            |    58 |     9 ||    67
